 Dungeon Crawl Stone Soup version 0.31.0-9-g3a7656b989 (webtiles) character file.

Game seed: 14673710234623473809

67 qw the Shooter (level 3, -2/18 HPs)
             Began as a Spriggan Hunter on Feb 2, 2024.
             Slain by a gnoll
             ... wielding a +0 flail
              (11 damage)
             ... on level 3 of the Dungeon.
             The game lasted 00:00:06 (1632 turns).

qw the Shooter (Spriggan Hunter)                    Turns: 1632, Time: 00:00:06

Health: -2/18      AC:  2    Str:  7    XL:     3   Next: 98%
Magic:  4/4        EV: 19    Int: 10    God:
Gold:   163        SH:  0    Dex: 20    Spells: 2/2 levels left

rFire   . . .        a - +1 shortbow
rCold   . . .        (shield currently unavailable)
rNeg    . . .        k - +0 robe {Will+}
rPois   .            (helmet restricted)
rElec   .            (no cloak)
rCorr   .            (gloves unavailable)
SInv    +            (boots unavailable)
Will    +....        (no amulet)
Stlth   ++           (no ring)
HPRegen 0.23/turn    (no ring)
MPRegen 0.09/turn

%: no passive effects
@: very quick
A: very small, no large weapons, unfitting armour, see invisible, speed 3
a: no special abilities


You were on level 3 of the Dungeon.
You visited 1 branch of the dungeon, and saw 3 of its levels.

You collected 163 gold pieces.


Innate Abilities, Weirdness & Mutations

You are very small and have problems with some larger weapons.
You are too small for most types of armour.
You have supernaturally acute eyesight. (SInv)
You cover ground extremely quickly. (Speed+++)


   Skills:
 - Level 1.5 Fighting
 - Level 5.0 Ranged Weapons
 + Level 4.1 Dodging
 - Level 1.5 Stealth


You had 2 spell levels left.
You didn't know any spells.
Your spell library was empty.

Inventory:

Hand Weapons
 a - a +1 shortbow (weapon)
Armour
 k - a +0 robe of willpower (worn)
Potions
 b - a potion of magic {unknown}
 c - a potion of attraction {unknown}
 d - a potion of enlightenment
 e - a potion of curing {unknown}
 g - a potion of degeneration {unknown}
 h - a potion of haste
 i - a potion of might {unknown}
 j - a potion of mutation {unknown}

Dungeon Overview and Level Annotations

Branches:
Dungeon (3/15)

Altars:

Annotations:
D:3 3 runed translucent doors, qw's ghost, amateur DEHu; qw's ghost, amateur DjHu


Message History

You shoot an arrow. The arrow hits the kobold!
You kill the kobold!
You feel sick.
1624 ||| FLEEEEING.
Found an encrusted silver ring.
You feel sick.
A gnoll comes into view. It is wielding a +0 whip.
The rat bites you but does no damage.
Enter note: You shoot an arrow.
The gnoll shouts!
The arrow hits the rat but does no damage.
You feel sick. The rat barely misses you.
You shoot an arrow. The arrow hits the rat.
The rat is heavily wounded.
You feel sick. The rat bites you but does no damage.
You shoot an arrow. The arrow hits the rat!
You kill the rat!
You feel sick.
You shoot an arrow. The arrow hits the gnoll.
The gnoll is lightly wounded.
You feel sick. The gnoll completely misses you.
Enter note:
Enter note:
Enter note:
Enter note:
1629 ||| RETREEEEATING.
You feel sick.
You are no longer poisoned.
A gnoll comes into view.
It is wielding a +0 flail and quivering a throwing net.
Enter note:
Enter note:
1630 ||| RETREEEEATING.
You shoot an arrow. The arrow hits the gnoll.
The gnoll is moderately wounded.
The gnoll closely misses you.
You shoot an arrow. The arrow closely misses the gnoll.
The arrow barely misses the gnoll.
The gnoll completely misses you. The gnoll hits you with a +0 flail!
Ouch! That really hurt!
You die...

#.......##...####..~~~
.#...#####.......##...~~~
...#######.####.#...~~~~
##. ......# #...)~~~~~
..g##..#..# ##...~~~~~
#.#.#....#..# ###~~~~~~
#..)...gg#..# ###~~~~~P.
.#.#.#%#g#..# #~~~~~P~P.
...#@##.# ~~~~~~.P..
#.#..#(#..# ~#~P~..# #.
...#.#..# ####~~..## #
=#.##....# #.......# #...
####.## #.>##...# # #.
#..###......##
#...######### #.#.#
...#.##


You could see 3 gnolls.

Vanquished Creatures
  An adder (D:2)
  An orc (D:3)
  4 bats
  4 endoplasms
  2 giant cockroaches (D:1)
  5 hobgoblins
  9 kobolds
  5 quokkas
  2 ball pythons
  5 frilled lizards
  5 goblins
  12 rats
55 creatures vanquished.

Notes
Turn   | Place    | Note
-------+----------+-------------------------------------------
     0 | D:1      | qw the Spriggan Hunter began the quest for the Orb.
     0 | D:1      | Reached XP level 1. HP: 10/10 MP: 2/2
     0 | D:1      | 0 ||| qw: Version: 0.3-a-155-g5e7d8dd
     0 | D:1      | 0 ||| qw: Game counter: 1898
     0 | D:1      | 0 ||| qw: Melee chars always use a shield: true
     0 | D:1      | 0 ||| qw: God list: Okawaru
     0 | D:1      | 0 ||| qw: Allow faded altars: false
     0 | D:1      | 0 ||| qw: Do Orc after clearing Dungeon:15 true
     0 | D:1      | 0 ||| qw: Do second Lair branch before Depths: true
     0 | D:1      | 0 ||| qw: Lair rune preference: random
     0 | D:1      | 0 ||| qw: Goals: Normal
     0 | D:1      | 0 ||| PLANNING D:1-11
    39 | D:1      | Reached skill level 3 in Dodging
   149 | D:1      | Reached XP level 2. HP: 14/14 MP: 3/3
   538 | D:1      | Reached XP level 3. HP: 18/18 MP: 4/4
   609 | D:1      | 609 ||| UPGRADING to +0 robe of willpower.
   619 | D:1      | 619 ||| DROPPING +0 robe.
   620 | D:1      | 620 ||| READING 2 scrolls labelled VOXAOPY XISK.
   620 | D:1      | 620 ||| IDENTIFYING lumpy emerald potion
   621 | D:1      | 621 ||| READING scroll of identify.
   621 | D:1      | 621 ||| IDENTIFYING fuming blue potion
   622 | D:1      | 622 ||| READING scroll labelled QOITIO SAFUAL.
   623 | D:1      | 623 ||| READING scroll labelled SANGOR YGIUSK.
   628 | D:1      | 628 ||| DROPPING scroll of butterflies.
  1095 | D:2      | Reached skill level 5 in Ranged Weapons
  1330 | D:2      | 1330 ||| READING scroll labelled LUULEA YNKUTRY.
  1330 | D:2      | 1330 ||| ENCHANTING +0 shortbow.
  1331 | D:2      | 1331 ||| READING scroll labelled YQU LIMAVIEDDI.
  1331 | D:2      | 1331 ||| ENCHANTING +1 shortbow.
  1376 | D:3      | Noticed qw's ghost (amateur DjHu)
  1376 | D:3      | Noticed qw's ghost (amateur DEHu)
  1376 | D:3      | Found a runed translucent gate.
  1376 | D:3      | Found a runed translucent gate.
  1376 | D:3      | Found a runed translucent gate.
  1624 | D:3      | 1624 ||| FLEEEEING.
  1629 | D:3      | 1629 ||| RETREEEEATING.
  1630 | D:3      | 1630 ||| RETREEEEATING.
  1632 | D:3      | Slain by a gnoll

Levels and vault maps discovered:
D:1:      sevenhm_arrival_forest_fort_small_3, layout_loops_ring,
          hangedman_decor_clover_reticule
D:2:      layout_loops_cross, minmay_rat_gold_closets
D:3:      layout_basic, mainiacjoe_overflow_concentric_impassable,
          gammafunk_ghost_cemetery, hangedman_decor_push, chequers_big_river,
          hex_tiny, minmay_pentangle

Skill      XL: |  1  2  3 |
---------------+----------+-----
Dodging        | 3 4 |  4.1
Ranged Weapons | 5 |  5.0
Fighting       | |  1.5
Stealth        | |  1.5

Action                     || total
---------------------------++-------
   Fire: Shortbow          ||   122
    Use: Scroll            ||     6
 Armour: Robe              ||    12
  Dodge: Dodged            ||    37

Table legend:
 A = Non-vault XP
 B = Vault XP
 C = Vault XP percentage of total XP
 D = Non-vault monster count
 E = Vault monster count
 F = Vault count percentage of total count
                 A         B        C        D         E       F
            +---------+---------+-------+---------+---------+-------
      Total |      87 |       9 |   9.4 |      46 |       9 |  16.4
            +---------+---------+-------+---------+---------+-------
        D:1 |      45 |       0 |   0.0 |      28 |       0 |   0.0
        D:2 |      37 |       9 |  19.6 |      15 |       9 |  37.5
        D:3 |       5 |       0 |   0.0 |       3 |       0 |   0.0
            +---------+---------+-------+---------+---------+-------
